 Dungeon Crawl Stone Soup version 0.31-a0-303-gdc8c9485ea (webtiles) character file.

Game seed: 13670759654793320703

15629 Zonian the Fighter (level 12, -2/70 HPs)
             Began as a Vine Stalker Brigand on July 16, 2023.
             Was an Elder of Ashenzari.
             Slain by a seven-headed hydra (5 damage)
             ... on level 1 of the Lair of Beasts.
             The game lasted 00:44:33 (12997 turns).

Zonian the Fighter (Vine Stalker Brigand)          Turns: 12997, Time: 00:44:33

Health: -2/70      AC: 13    Str: 17    XL:     12   Next: 29%
Magic:  0/13       EV: 16    Int: 11    God:    Ashenzari [****..]
Gold:   759        SH:  0    Dex: 20    Spells: 11/11 levels left

rFire   . . .        D - +3 scimitar (flame)
rCold   . . .        (no shield)
rNeg    . . .        F - +0 steam dragon scales "Omniscient Lifelessness" {Dev, Melee} (curse)
rPois   +            n - +1 helmet of Ashenzari's Yoke {Alch, Dev} (curse)
rElec   .            c - +2 cloak of the Revealing Portent {Range, Elem} (curse)
rCorr   .            x - +0 pair of gloves of the Tethered Cosmos {+Inv Str+2 Stlth+, Elem, Melee} (curse)
SInv    +            W - +1 pair of boots "Shattered Together" {Dev, Comp} (curse)
Will    ++...        (no amulet)
Stlth   ++++++       C - ring of Ashenzari's Ennui {Will+, Range, Comp} (curse)
HPRegen 1.11/turn    G - ring of the Gnostic Negation {rPois, Elem, Range} (curse)
MPRegen 0.13/turn

%: clarity, guardian spirit
@: no status effects
A: fangs 3, regeneration 1, magic shield, antimagic bite, no potion heal 2
a: Renounce Religion, Evoke Invisibility, Curse Item, Shatter the Chains


You were on level 1 of the Lair of Beasts.
You worshipped Ashenzari.
Ashenzari was greatly pleased with you.
You visited 2 branches of the dungeon, and saw 12 of its levels.
You also visited: Sewer.

You collected 759 gold pieces.

Inventory:

Hand Weapons
 a - a +2 dagger
 k - a +2 dagger of speed
 m - a +0 dagger of speed
 p - a +2 dagger of flaming
 q - a +4 dagger of venom
 u - a +2 hand axe of freezing
 D - a +3 scimitar of flaming (weapon)
 E - a +1 vampiric short sword
Missiles
 d - 55 poisoned darts (quivered)
 e - 4 curare-tipped darts
 s - 6 silver javelins
Armour
 b - a +0 robe
 c - the cursed +2 cloak of the Revealing Portent (worn) {Range, Elem}

   It has a curse which improves the following skills: Ranged Combat: Ranged
   Weapons and Throwing.
   Elements:  Fire Magic, Ice Magic, Air Magic and Earth Magic.
 n - the cursed +1 helmet of Ashenzari's Yoke (worn) {Alch, Dev}
   (You took it off Robin on level 2 of the Dungeon)

   It has a curse which improves the following skills: Alchemy: Poison Magic and
   Transmutations.
   Devices:   Evocations and Shapeshifting.
 x - the cursed +0 pair of gloves of the Tethered Cosmos (worn) {+Inv Str+2 Stlth+, Elem, Melee}
   (You found it on level 4 of the Dungeon)

   Str:       It affects your strength (+2).
   +Inv:      It lets you turn invisible.
   Stlth:     It makes you more stealthy.
   It has a curse which improves the following skills: Elements: Fire Magic, Ice
   Magic, Air Magic and Earth Magic.
   Melee Combat: Short Blades, Long Blades, Axes, Maces & Flails, Polearms,
   Staves and Unarmed Combat.
 F - the cursed +0 steam dragon scales "Omniscient Lifelessness" (worn) {Dev, Melee}
   (You found it on level 4 of the Dungeon)

   It has a curse which improves the following skills: Devices: Evocations and
   Shapeshifting.
   Melee Combat: Short Blades, Long Blades, Axes, Maces & Flails, Polearms,
   Staves and Unarmed Combat.
 L - a +3 leather armour
 S - a +0 troll leather armour
 U - a +0 buckler
 W - the cursed +1 pair of boots "Shattered Together" (worn) {Dev, Comp}
   (You found it on level 1 of the Lair of Beasts)

   It has a curse which improves the following skills: Devices: Evocations and
   Shapeshifting.
   Companions: Summonings and Necromancy.
Jewellery
 C - the cursed ring of Ashenzari's Ennui (left hand) {Will+, Range, Comp}
   (You found it on level 4 of the Dungeon)

   [ring of willpower]

   Will:      It increases your willpower.
   It has a curse which improves the following skills: Ranged Combat: Ranged
   Weapons and Throwing.
   Companions: Summonings and Necromancy.
 G - the cursed ring of the Gnostic Negation (right hand) {rPois, Elem, Range}
   (You found it on level 5 of the Dungeon)

   [ring of poison resistance]

   rPois:     It protects you from poison.
   It has a curse which improves the following skills: Elements: Fire Magic, Ice
   Magic, Air Magic and Earth Magic.
   Ranged Combat: Ranged Weapons and Throwing.
 Q - the ring "Jeyc" {rN+ Int+3}
   (You found it on level 10 of the Dungeon)

   [ring of positive energy]

   Int:       It affects your intelligence (+3).
   rN:        It protects you from negative energy.
Talismans
 j - a talisman of death
 O - a serpent talisman
Wands
 g - a wand of quicksilver (3)
 l - a wand of digging (2)
 r - a wand of polymorph (23)
 y - a wand of flame (4)
 B - a wand of roots (10)
 N - a wand of paralysis (11)
 V - a wand of mindburst (4)
Scrolls
 h - 2 scrolls of enchant armour
 i - 3 scrolls of poison
 w - a scroll of noise
 z - 2 scrolls of amnesia
 K - a scroll of summoning
 X - a scroll of revelation
 Y - a scroll of teleportation
Potions
 f - a potion of mutation
 o - 2 potions of enlightenment
 t - 2 potions of lignification
 v - 3 potions of curing
 A - a potion of haste
 H - a potion of might
 I - 14 potions of ambrosia
 J - a potion of berserk rage
 M - a potion of brilliance
 R - a potion of magic
 T - a potion of resistance
Miscellaneous
 P - a phantom mirror


   Skills:
 + Level 11.0 Fighting
 - Level 4.8(7.4) Short Blades
 - Level 4.8(8.2) Throwing
 - Level 6.0 Dodging
 - Level 10.6 Stealth
 + Level 10.0(12.7) Unarmed Combat


You had 11 spell levels left.
You didn't know any spells.
Your spell library contained the following spells:

 Spells                   Type           Power      Damage    Failure   Level
 Freeze                   Ice            4%         1d3       28%         1
 Magic Dart               Conj           0%         1d3       34%         1
 Cigotuvi's Dreadful Rot  Necr/Pois/Air  0%         N/A       43%         2
 Searing Ray              Conj           0%         2d4       47%         2
 Frozen Ramparts          Ice            2%         1d1       65%         3
 Hailstorm                Conj/Ice       0%         3d3       67%         3
 Dispel Undead            Necr           0%         3d6       97%         4
 Fulminant Prism          Conj/Hex       0%         3d5       98%         4
 Death Channel            Necr           0%         N/A       100%        6


Dungeon Overview and Level Annotations

Branches:
Dungeon (11/15)            Temple (0/1) D:4            Lair (1/5) D:11
    Orc (0/2) D:10          Sewer (visited)

Altars:
Ashenzari
Cheibriados
Dithmenos
Hepliaklqana
Makhleb
Nemelex Xobeh
Okawaru
Ru
Uskayaw

Annotations:
D:11 2 runed translucent doors


Innate Abilities, Weirdness & Mutations

You have razor-sharp teeth.
Your natural rate of healing is unusually fast.
When hurt, damage is shared between your health and your magic reserves.
Your bite disrupts and absorbs the magic of your enemies.
Potions cannot restore your health.


Message History

The eight-headed hydra misses you. The eight-headed hydra bites you.
Your Fighting skill increases to level 11!
You hit the eight-headed hydra but do no damage.
The eight-headed hydra bites you!
The eight-headed hydra bites you but does no damage.
The eight-headed hydra bites you. x3
The eight-headed hydra bites you but does no damage.
The eight-headed hydra bites you. The eight-headed hydra bites you!
You lop one of the eight-headed hydra's heads off!
The flame cauterises the wound!
You slash the seven-headed hydra! You burn the seven-headed hydra.
The seven-headed hydra is lightly wounded.
The seven-headed hydra bites you. x2; The seven-headed hydra bites you!
* * * LOW HITPOINT WARNING * * *
The seven-headed hydra bites you but does no damage.
The seven-headed hydra completely misses you.
The seven-headed hydra bites you.
* * * LOW HITPOINT WARNING * * *
The seven-headed hydra bites you but does no damage.
Unknown command.
Okay, then.
Okay, then.
Aiming: Quicksilver Bolt
Press: ? - help, Shift-Dir - straight line, f - seven-headed hydra
Aim: a seven-headed hydra (lightly wounded, 90% to hit)
The bolt of dispelling energy hits the seven-headed hydra!
The seven-headed hydra is moderately wounded.
The bolt of dispelling energy hits the yak!
You kill the yak!
The seven-headed hydra completely misses you.
The seven-headed hydra bites you but does no damage.
The seven-headed hydra bites you.
* * * LOW HITPOINT WARNING * * *
The seven-headed hydra bites you.
* * * LOW HITPOINT WARNING * * *
The seven-headed hydra barely misses you.
The seven-headed hydra bites you!
* * * LOW HITPOINT WARNING * * *
The seven-headed hydra bites you.
You die...

..#................#.....#####.##
.###............##.##....# #..#
## #...........######....# ####
P# ###...#####.# ###### ##
##..####### # ###'.#.### #
#.....?..###### #
#.......##.##.## * #
####.......'..@DY.### *,
###.##.......#####....####
##...'.......## ###.....#### *
##.P#.........# #####...P##.#
'~.~.........## ##.......#
~.~~#........# #..#####.+,
♣~.~~~♣~.~?..# ##.### ,,
~~~~.~.~.~...# #....# *
♣~.~.~~..~...# #..#...# ,


You could see a seven-headed hydra and a yak.

Vanquished Creatures
  Erica (Lair:1)
  2 two-headed ogres (D:11)
  Urug (Lair:1)
  Pikel (D:4)
  A black mamba (Lair:1)
  2 cane toads (Lair:1)
  Psyche (D:11)
  A kobold demonologist (D:11)
  2 komodo dragons (Lair:1)
  A queen bee (Lair:1)
  4 trolls
  A polar bear (Lair:1)
  A hornet (D:10)
  2 shadows
  9 yaks (Lair:1)
  Sigmund (D:3)
  A basilisk (Lair:1)
  A wraith (D:9)
  4 vampire mosquitoes (D:11)
  2 steam dragons
  3 water moccasins
  Duvessa (D:4)
  4 ice beasts
  2 orc warriors
  A sky beast (D:6)
  An ogre (D:4)
  3 centaurs
  4 wolves (D:11)
  2 phantoms
  A lemure (D:4)
  6 kobold brigands
  4 bullfrogs
  4 gnoll sergeants
  4 scorpions
  10 wights
  Dowan (D:4)
  38 killer bees
  A howler monkey (D:10)
  3 electric eels (D:11)
  6 orc priests
  9 hounds
  4 iguanas
  2 sleepcaps
  Ijyb (D:3)
  Natasha (D:2)
  13 orc wizards
  Robin (D:2)
  8 adders
  16 gnolls
  3 river rats (D:3)
  A shadow imp (D:6)
  3 white imps
  3 worms
  3 dart slugs
  36 orcs
  11 ball pythons
  9 endoplasms
  A giant cockroach (D:3)
  14 goblins
  14 hobgoblins
  6 jackals
  22 kobolds
  3 quokkas
  9 bats
  10 rats
341 creatures vanquished.

Vanquished Creatures (others)
  A kobold (D:8)
1 creature vanquished.

Grand Total: 342 creatures vanquished

Notes
Turn   | Place    | Note
-------+----------+-------------------------------------------
     0 | D:1      | Zonian the Vine Stalker Brigand began the quest for the
                  | Orb.
     0 | D:1      | Reached XP level 1. HP: 11/11 MP: 2/2
   293 | D:1      | Reached skill level 1 in Dodging
   293 | D:1      | Reached skill level 5 in Stealth
   293 | D:1      | Reached XP level 2. HP: 15/15 MP: 3/3
   345 | D:1      | Reached skill level 2 in Fighting
   882 | D:1      | Reached XP level 3. HP: 18/18 MP: 4/4
   965 | D:2      | Found a faded altar of an unknown god.
  1164 | D:2      | Gained mutation: Your natural rate of healing is unusually
                  | fast. [Vine Stalker growth]
  1164 | D:2      | Reached XP level 4. HP: 22/23 MP: 5/5
  1406 | D:2      | Noticed Natasha
  1413 | D:2      | Killed Natasha
  1511 | D:2      | Noticed Robin
  1524 | D:2      | Killed Robin
  1553 | D:2      | Reached XP level 5. HP: 10/27 MP: 2/6
  1714 | D:2      | Found a broken altar of Ashenzari.
  1722 | D:2      | Became a worshipper of Ashenzari the Shackled
  2008 | D:3      | Noticed Sigmund
  2081 | D:3      | Found a shadowy altar of Dithmenos.
  2292 | D:3      | Found a glowing drain.
  2308 | Sewer    | Entered a sewer
  2635 | Sewer    | Noticed a water moccasin
  2655 | Sewer    | Killed a water moccasin
  2656 | Sewer    | Reached skill level 3 in Fighting
  2656 | Sewer    | Reached XP level 6. HP: 32/32 MP: 7/7
  2724 | D:3      | Noticed Ijyb
  2742 | D:3      | Killed Ijyb
  2926 | D:3      | Reached XP level 7. HP: 36/36 MP: 8/8
  2969 | D:3      | Killed Sigmund
  3404 | D:4      | Identified the +0 pair of gloves "Jylitt" {+Inv Str+2
                  | Stlth+}
  3423 | D:4      | Noticed a steam dragon
  3564 | D:4      | Reached * piety under Ashenzari
  3605 | D:4      | Found an iron altar of Okawaru.
  3706 | D:4      | Noticed Duvessa
  3706 | D:4      | Noticed Dowan
  3753 | D:4      | Noticed Pikel
  3766 | D:4      | Gained mutation: You have razor-sharp teeth. [Vine Stalker
                  | growth]
  3766 | D:4      | Reached XP level 8. HP: 42/42 MP: 9/9
  3845 | D:4      | Killed Pikel
  3846 | D:4      | Reached skill level 4 in Fighting
  4481 | D:4      | Killed Dowan
  4750 | D:4      | Found a staircase to the Ecumenical Temple.
  4837 | D:4      | Killed Duvessa
  4838 | D:4      | Reached XP level 9. HP: 46/46 MP: 10/10
  5195 | D:5      | Entered Level 5 of the Dungeon
  5316 | D:5      | Reached ** piety under Ashenzari
  5391 | D:5      | Found a burning altar of Makhleb.
  5442 | D:5      | Reached skill level 5 in Fighting
  6119 | D:6      | Reached skill level 5 in Dodging
  6555 | D:6      | Reached skill level 1 in Unarmed Combat
  6613 | D:6      | Reached skill level 6 in Fighting
  6839 | D:7      | Reached *** piety under Ashenzari
  6940 | D:7      | Found a snail-covered altar of Cheibriados.
  7025 | D:7      | Reached skill level 10 in Stealth
  7025 | D:7      | Reached XP level 10. HP: 41/53 MP: 11/11
  7768 | D:8      | Found a sparkling altar of Nemelex Xobeh.
  7792 | D:8      | Reached **** piety under Ashenzari
  7846 | D:8      | Found a faded altar of an unknown god.
  7846 | D:8      | Found a hazy altar of Hepliaklqana.
  7848 | D:8      | Found a faded altar of an unknown god.
  8619 | D:9      | Reached skill level 7 in Fighting
  8846 | D:9      | Found a sacrificial altar of Ru.
  9191 | D:9      | Found a hide-covered altar of Uskayaw.
  9259 | D:10     | Entered Level 10 of the Dungeon
  9284 | D:10     | Identified the ring "Jeyc" {rN+ Int+3}
  9312 | D:10     | Found a staircase to the Orcish Mines.
  9631 | D:10     | Reached skill level 5 in Unarmed Combat
  9948 | D:10     | Reached skill level 8 in Fighting
 10240 | D:11     | Reached XP level 11. HP: 29/60 MP: 10/12
 10504 | D:11     | Found a runed translucent door.
 10506 | D:11     | Found a runed translucent door.
 10661 | D:11     | Noticed Psyche
 10669 | D:11     | Killed Psyche
 10765 | D:11     | Noticed a two-headed ogre
 10808 | D:11     | Killed a two-headed ogre
 10809 | D:11     | Reached skill level 9 in Fighting
 11036 | D:11     | Noticed a catoblepas
 11103 | D:11     | Noticed a two-headed ogre
 11119 | D:11     | Killed a two-headed ogre
 11231 | D:11     | Found a staircase to the Lair.
 11282 | Lair:1   | Entered Level 1 of the Lair of Beasts
 11539 | Lair:1   | Found a shadowy altar of Dithmenos.
 11554 | Lair:1   | Reached skill level 10 in Fighting
 11759 | Lair:1   | Noticed an eight-headed hydra
 11927 | Lair:1   | Noticed Urug
 11941 | Lair:1   | HP: 3/63 [Urug/+0 demon trident of flaming (7)]
 11961 | Lair:1   | Killed Urug
 11962 | Lair:1   | Reached XP level 12. HP: 8/68 MP: 0/13
 12735 | Lair:1   | Noticed Erica
 12756 | Lair:1   | Killed Erica
 12954 | Lair:1   | Reached skill level 10 in Unarmed Combat
 12995 | Lair:1   | Reached skill level 11 in Fighting
 12997 | Lair:1   | HP: 3/70 [seven-headed hydra (9)]
 12997 | Lair:1   | Slain by a seven-headed hydra

Illustrated notes

Levels and vault maps discovered:
D:1:      minmay_arrival_open_corners, layout_basic
D:2:      layout_basic, basic_altar, serial_glass, glass_columns_a,
          glass_columns_a, shapermc_ecumenical_altar_starsandcircs, minivault_5,
          st_stairs_11, uniq_natasha, uniq_robin
D:3:      layout_loops_cross, grunt_dithmenos_smoke_and_mirrors,
          gup_sewer_entry_bubbles, uniq_sigmund, uniq_ijyb
D:4:      layout_basic, lemuel_round_altar, minmay_temple_entry_fiery,
          serial_park_tiny_2, hangedman_abyss_or_decor_jellyfish_corner,
          grunt_ministairs_12, minmay_joined_circles, uniq_duvessa, uniq_pikel
D:5:      layout_loops_ring, mainiacjoe_overflow_surrounded_room
D:6:      layout_basic
D:7:      layout_basic, cheibriados_altar_1
D:8:      layout_rooms, general_overflow_altar,
          nicolae_hepliaklqana_ecumenical_no_more
D:9:      layout_roguey, marbit_many_paths, kennysheep_little_box
D:10:     layout_irregular_city, orc_0_dummy, minmay_misc_feat_diagonals
D:11:     lemuel_insect_pit, layout_long_grid, erik_lair_island, uniq_psyche
Lair:1:   layout_roguey [special_room_bee], basic_altar,
          chequers_serial_rivers_marsh, hellmonk_guarded_unrand_vines,
          infiniplex_staircase_pool_2, grunt_megastairs_5, uniq_erica, uniq_urug

Skill      XL: |  1  2  3  4  5  6  7  8  9 10 11 12 |
---------------+-------------------------------------+-----
Dodging        | 1 2 3 4 5 6 |  6.0
Stealth        | 5 6 7 8 10 | 10.6
Throwing       | 2 3 4 |  4.8
Fighting       | 2 3 4 6 8 10 11 | 11.0
Short Blades   | 2 3 4 |  4.8
Unarmed Combat | 2 6 9 10 | 10.0

Action                     |  1- 3 |  4- 6 |  7- 9 | 10-12 || total
---------------------------+-------+-------+-------+-------++-------
  Melee: Dagger            |    62 |   136 |   280 |    62 ||   540
         Bite              |    11 |    27 |    81 |   237 ||   356
         Punch             |       |     2 |     6 |    34 ||    42
         Unarmed           |       |       |       |   599 ||   599
         Scimitar          |       |       |       |     3 ||     3
  Throw: Dart              |       |       |     5 |       ||     5
 Invoke: Curse Item        |       |     1 |     4 |     2 ||     7
  Evoke: Wand              |       |     1 |     7 |    29 ||    37
    Use: Scroll            |       |     8 |     6 |     6 ||    20
         Potion            |       |     1 |     1 |       ||     2
   Stab: Sleeping          |    17 |     9 |    30 |    17 ||    73
         Distracted        |       |     1 |       |     4 ||     5
 Armour: Robe              |    10 |    30 |    20 |       ||    60
         Steam dragon scal |       |       |    36 |   215 ||   251
  Dodge: Dodged            |    22 |    63 |   127 |   611 ||   823

Table legend: (Time is in decaauts)
 A = Elapsed time spent in this place.
 B = Non-inter-level travel time spent in this place.
 C = Inter-level travel time spent in this place.
 D = Time resting spent in this place.
 E = Time spent auto-exploring this place.
 F = Levels seen in this place.
 G = Mean time per level.
                   A        B        C        D        E       F      G
               +--------+--------+--------+--------+--------+-----+--------+
         Total |  12800 |  12607 |    193 |   2612 |   5415 |  13 |  984.6 |
       Dungeon |  10737 |  10544 |    193 |   1745 |   4917 |  11 |  976.1 |
          Lair |   1676 |   1676 |      0 |    567 |    488 |   1 | 1676.0 |
         Sewer |    386 |    386 |      0 |    300 |      9 |   1 |  386.0 |
               +--------+--------+--------+--------+--------+-----+--------+

Top non-repeatable levels by time:
     D:4: 1942 daAuts
  Lair:1: 1676 daAuts
    D:11: 1137 daAuts
     D:2: 992 daAuts
     D:7: 964 daAuts
     D:1: 960 daAuts
     D:6: 902 daAuts
     D:3: 870 daAuts
    D:10: 851 daAuts
     D:8: 837 daAuts
     D:9: 698 daAuts
     D:5: 580 daAuts
   Sewer: 386 daAuts
